 Dungeon Crawl Stone Soup version 0.23-a0-650-ga4d50d4 (webtiles) character file.

149 Borgoz the Skirmisher (level 5, -3/33 HPs)
             Began as a Kobold Fighter on Jan 2, 2019.
             Slain by Sigmund
             ... wielding a +0 scythe
              (5 damage)
             ... on level 4 of the Dungeon.
             The game lasted 00:15:11 (2324 turns).

Borgoz the Skirmisher (Kobold Fighter)              Turns: 2324, Time: 00:15:12

Health: -3/33      AC: -9    Str: 14    XL:     5   Next: 57%
Magic:  5/5        EV:  9    Int:  9    God:
Gold:   83         SH: 12    Dex: 15    Spells: 4/4 levels left

rFire    + . .     SeeInvis .   a - +0 rapier
rCold    x . .     Gourm    .   c - +0 shield
rNeg     . . .     Faith    .   b - +0 scale mail
rPois    .         Spirit   .   (no helmet)
rElec    .         Reflect  +   (no cloak)
rCorr    .         Harm     .   (no gloves)
MR       .....                  (no boots)
Stlth    +.........             k - +3 amulet of reflection
HPRegen  0.11/turn              m - ring of fire
MPRegen  0.09/turn              (no ring)

@: corroded
A: small, carnivore
a: no special abilities


You were on level 4 of the Dungeon.
You were very full.

You visited 1 branch of the dungeon, and saw 4 of its levels.

You collected 83 gold pieces.

Inventory:

Hand Weapons
 a - a +0 rapier (weapon)
 h - a cursed -3 dagger
Missiles
 o - 27 poisoned needles
Armour
 b - a +0 scale mail (worn)
 c - a +0 shield (worn)
Jewellery
 k - a +3 amulet of reflection (around neck)
 m - a ring of fire (left hand)
Scrolls
 e - 2 scrolls of remove curse
 g - a scroll of immolation {unknown}
 j - 5 scrolls of identify
 p - a scroll of magic mapping {unknown}
 q - a scroll of teleportation {unknown}
 s - a scroll of fear
 u - a scroll of enchant weapon {unknown}
Potions
 d - 2 potions of might
 i - a potion of agility {unknown}
 l - a potion of brilliance {unknown}
 n - a potion of curing {unknown}
 t - a potion of mutation {unknown}
Comestibles
 f - 6 rations


   Skills:
 + Level 4.1 Fighting
 + Level 3.8 Short Blades
 + Level 3.0 Armour
 + Level 2.2 Dodging
 + Level 2.8 Stealth
 - Level 2.5 Shields


You had 4 spell levels left.
You didn't know any spells.
Your spell library was empty.

Dungeon Overview and Level Annotations

Branches:
Dungeon (4/15)
 Temple: D:4-7

Altars:
Ashenzari
Makhleb

Annotations:
D:4 Sigmund


Innate Abilities, Weirdness & Mutations

You are small and have problems with some larger weapons.
You are carnivorous and can eat meat at any time.


Message History

The jelly is heavily wounded.
The jelly hits you. The acid corrodes you!
You are splashed with acid!
The acid burns!
* * * LOW HITPOINT WARNING * * *
You are too injured to fight recklessly!
You are too injured to fight recklessly!
As you read the scroll labeled JEN USO ANINA, it crumbles to dust.
You feel blessed for a moment.
It was a scroll of remove curse.
You block the jelly's attack.
Wield which item (- for none, * to show all)? (? for menu, Esc to quit)
That's the wrong kind of item! (Use * to select it.) Wield which item (- for none, * to show all)? (? for menu, Esc to quit)
You don't have any such object.
Wield which item (- for none, * to show all)? (? for menu, Esc to quit)
Okay, then.
As you read the scroll labeled ASOWKU VUFIYSO, it crumbles to dust.
It is a scroll of identify.
s - a scroll of fear Something hits you.
You die...

.... %...
..... .....
...♣ ♣...♣♣
##♣♣♣♣♣J....♣
#..#..@...#
#.##....###..
#.###........
#.###..####.#
#.#...>#
#......##
#..........
#......####
#......#


You could see a jelly.

Vanquished Creatures
  A hound (D:2)
  An orc priest (D:3)
  2 adders (D:2)
  An ooze (D:2)
  2 worms
  A dart slug (D:3)
  A leopard gecko (D:3)
  2 orcs (D:3)
  3 giant cockroaches
  12 goblins
  8 hobgoblins
  A jackal (D:3)
  4 kobolds
  2 quokkas
  A ball python (D:1)
  6 bats
  3 frilled lizards
  4 rats
55 creatures vanquished.

Notes
Turn   | Place    | Note
-------+----------+-------------------------------------------
     0 | D:1      | Borgoz the Kobold Fighter began the quest for the Orb.
     0 | D:1      | Reached XP level 1. HP: 14/14 MP: 1/1
    96 | D:1      | Reached XP level 2. HP: 4/19 MP: 2/2
   717 | D:1      | Reached skill level 1 in Stealth
   768 | D:1      | Reached XP level 3. HP: 23/23 MP: 3/3
   776 | D:1      | Reached skill level 1 in Dodging
   887 | D:2      | Found a shattered altar of Ashenzari.
  1105 | D:2      | Found a burning altar of Makhleb.
  1116 | D:2      | Reached XP level 4. HP: 14/29 MP: 4/4
  1693 | D:3      | Reached XP level 5. HP: 33/33 MP: 5/5
  1717 | D:3      | Reached skill level 4 in Fighting
  2318 | D:4      | Noticed Sigmund
  2324 | D:4      | Slain by Sigmund

Vault maps used:
D:1:      minmay_arrival_hallway, minmay_tall_x
D:2:      makhleb_heckhound_becter, nicolae_ashenzari_panopticon
D:3:      first_ration, hangedman_decor_peaks_small, hex_large,
          kennysheep_generic_room_3
D:4:      fedhas_altar_fruit_tree, lemuel_round_altar,
          gammafunk_temple_overflow_elements, minmay_manual_moon, uniq_duvessa,
          uniq_eustachio, uniq_sigmund

Skill      XL: |  1  2  3  4  5 |
---------------+----------------+-----
Short Blades   | 3 |  3.8
Stealth        | 1 2 |  2.8
Dodging        | 1 2 |  2.2
Fighting       | 4 |  4.1
Armour         | 3 |  3.0
Shields        | |  2.5

Action                   |  1- 3 |  4- 6 || total
-------------------------+-------+-------++-------
Melee: Rapier            |    96 |    89 ||   185
  Use: Scroll            |       |     2 ||     2
 Stab: Sleeping          |       |     1 ||     1
  Eat: Chunk             |     8 |     4 ||    12
Armor: Scale mail        |    37 |    10 ||    47
Dodge: Dodged            |    33 |    23 ||    56
Block: Shield            |    55 |    42 ||    97
       Reflection        |     3 |       ||     3

Table legend:
 A = Non-vault XP
 B = Vault XP
 C = Vault XP percentage of total XP
 D = Non-vault monster count
 E = Vault monster count
 F = Vault count percentage of total count
                 A         B        C        D         E       F
            +---------+---------+-------+---------+---------+-------
      Total |     161 |      53 |  24.8 |      49 |       6 |  10.9
            +---------+---------+-------+---------+---------+-------
        D:1 |      27 |       6 |  18.2 |      17 |       4 |  19.0
        D:2 |      54 |      45 |  45.5 |      15 |       1 |   6.2
        D:3 |      80 |       2 |   2.4 |      17 |       1 |   5.6
            +---------+---------+-------+---------+---------+-------
